Map: Interloper LE

Players

Bonkarooni

  • Race: Protoss Protoss
  • Spawn Location: 11:00

DnS - Winner!

  • Race: Protoss Protoss
  • Spawn Location: 5:00

Event: WCS Montreal 2017

VOD

Have the link to the VOD?

Description

Time

  • Played on: Sept. 8, 2017, 11:18 a.m.
  • Length: 7:46

All games in this series

Show
View Real Time Build Order
Export as new Build Order

Bonkarooni Protoss 

Build Orders: Zealot Archon, Dark Templar Rush 

Get SALT Encoding   

  12  0:00  Probe (Chrono Boost)  
  13  0:11  Probe (Chrono Boost)  
  14  0:18  Pylon  
  14  0:22  Probe (Chrono Boost)  
  15  0:37  Probe (Chrono Boost)  
  15  0:38  Gateway  
  16  0:47  Assimilator, Probe (Chrono Boost)  
  17  0:52  Assimilator  
  17  0:58  Probe (Chrono Boost)  
  18  1:08  Probe (Chrono Boost)  
  19  1:19  Probe (Chrono Boost)  
  19  1:20  Gateway  
  19  1:25  Cybernetics Core  
  20  1:29  Probe (Chrono Boost)  
  21  1:37  Pylon  
  21  1:40  Probe (Chrono Boost)  
  22  1:51  Probe (Chrono Boost)  
  25  2:04  Stalker (Chrono Boost), Twilight Council  
  25  2:11  Stalker (Chrono Boost)  
  27  2:16  Warp Gate (Chrono Boost)  
  27  2:42  Nexus  
  27  2:51  Dark Shrine  
  27  3:02  Mothership Core  
  27  3:06  Pylon  
  27  3:12  Pylon  
  27  3:23  Probe  
  28  3:36  Probe  
  29  3:48  Probe  
  30  3:54  Probe  
  30  4:00  Probe  
  32  4:05  Dark Templar  
  32  4:06  Dark Templar  
  37  4:12  Probe  
  37  4:13  Probe  
  37  4:17  Pylon  
  37  4:24  Probe  
  37  4:25  Probe  
  38  4:35  Dark Templar, Stalker  
  38  4:36  Probe  
  38  4:37  Probe  
  37  4:48  Probe (Chrono Boost)  
  37  4:50  Probe (Chrono Boost)  
  39  4:57  Pylon  
  39  4:59  Probe (Chrono Boost)  
  39  5:02  Probe (Chrono Boost)  
  39  5:05  Charge (Chrono Boost)  
  41  5:09  Probe  
  41  5:13  Probe  
  41  5:14  Zealot x2  
  45  5:19  Probe  
  45  5:20  Gateway  
  48  5:23  Gateway  
  48  5:25  Probe  
  49  5:30  Probe  
  50  5:36  Dark Templar x2  
  50  5:42  Probe  
  52  5:44  Pylon  
  51  5:51  Gateway  
  51  5:52  Gateway  
  51  5:55  Gateway  
  51  6:01  Pylon  
  51  6:07  Dark Templar  
  53  6:12  Zealot  
  55  6:20  Gateway  
  55  6:28  Probe x2  
  55  6:29  Pylon  
  55  6:31  Zealot, Pylon  
  59  6:32  Pylon  
  59  6:36  Zealot  
  59  6:38  Pylon  
  59  6:48  Zealot  
  59  6:50  Zealot x2  
  65  6:54  Dark Templar  
  65  6:55  Zealot  
  69  7:04  Probe x2  
  69  7:06  Gateway  
  71  7:15  Dark Templar x2  
  73  7:23  Archon  
  73  7:25  Zealot x4  
  73  7:26  Probe x2  
  73  7:28  Assimilator  
  83  7:32  Assimilator  
Show
View Real Time Build Order
Export as new Build Order

DnS Protoss - Winner!

Build Orders:  

Get SALT Encoding   

  12  0:00  Probe (Chrono Boost)  
  13  0:11  Probe (Chrono Boost)  
  14  0:17  Pylon  
  14  0:22  Probe (Chrono Boost)  
  16  0:36  Probe (Chrono Boost), Gateway  
  16  0:41  Assimilator  
  16  0:46  Probe (Chrono Boost)  
  17  0:52  Assimilator  
  17  0:57  Probe (Chrono Boost)  
  18  1:05  Gateway  
  18  1:07  Probe (Chrono Boost)  
  19  1:18  Probe (Chrono Boost)  
  20  1:22  Cybernetics Core  
  20  1:28  Probe (Chrono Boost)  
  21  1:32  Pylon  
  21  1:39  Probe (Chrono Boost)  
  22  1:49  Probe (Chrono Boost)  
  23  1:58  Stalker x2  
  23  2:00  Probe  
  28  2:01  Warp Gate (Chrono Boost)  
  28  2:09  Pylon  
  28  2:14  Mothership Core  
  30  2:29  Stalker  
  32  2:30  Stalker  
  32  3:01  Nexus  
  32  3:04  Probe  
  33  3:14  Robotics Facility  
  33  3:19  Probe  
  34  3:21  Sentry  
  34  3:24  Sentry  
  38  3:30  Pylon  
  39  3:34  Probe  
  39  3:48  Probe, Twilight Council  
  40  4:00  Probe (Chrono Boost)  
  42  4:02  Observer  
  42  4:12  Probe (Chrono Boost)  
  42  4:14  Probe (Chrono Boost)  
  42  4:16  Stalker  
  46  4:20  Stalker  
  46  4:22  Probe (Chrono Boost)  
  49  4:24  Probe (Chrono Boost)  
  50  4:33  Probe (Chrono Boost)  
  50  4:35  Probe (Chrono Boost)  
  50  4:36  Pylon  
  50  4:37  Phoenix  
  52  4:43  Probe (Chrono Boost)  
  53  4:45  Probe (Chrono Boost)  
  53  4:47  Pylon  
  53  4:54  Probe (Chrono Boost)  
  53  4:55  Observer, Pylon  
  53  4:56  Probe (Chrono Boost)  
  53  4:58  Pylon  
  56  5:04  Probe (Chrono Boost), Blink (Chrono Boost)  
  56  5:06  Probe (Chrono Boost)  
  58  5:15  Probe x2  
  58  5:19  Assimilator  
  60  5:26  Probe  
  60  5:27  Probe  
  60  5:28  Nexus  
  62  5:36  Probe  
  63  5:43  Pylon  
  63  5:44  Immortal (Chrono Boost)  
  63  5:45  Probe  
  63  5:47  Assimilator  
  68  5:55  Gateway  
  68  5:56  Gateway  
  68  5:58  Probe  
  68  6:00  Probe  
  70  6:04  Sentry  
  70  6:05  Stalker  
  70  6:07  Pylon  
  70  6:10  Probe  
  75  6:16  Pylon  
  75  6:20  Immortal (Chrono Boost)  
  79  6:26  Gateway  
  79  6:29  Gateway  
  79  6:32  Stalker  
  81  6:36  Sentry  
  83  6:41  Pylon  
  85  6:54  Immortal (Chrono Boost)  
  89  6:55  Adept  
  89  6:56  Adept  
  91  7:04  Adept x2  
  91  7:08  Pylon  
  95  7:11  Templar Archives, Gateway  
  95  7:15  Probe  
  95  7:16  Probe x2  
  98  7:25  Stalker x2  
  98  7:46  Stalker  
Tags
 
Add a new tag
Caveats
  • Supply blocks, unpowered buildings, or Contaminate may cause inaccurate times.
  • Supply counts are checked every 10 seconds.